Map: Catalyseur EC

Players

kraft - Winner!

  • Race: Terran Terran
  • League: Diamond
  • Spawn Location: 5:00

HoldTheDoor

  • Race: Protoss Protoss
  • League: Diamond
  • Spawn Location: 11:00

VOD

Have the link to the VOD?

Description

Time

  • Played on: July 15, 2018, 12:45 p.m.
  • Length: 3:28
Show
View Real Time Build Order
Export as new Build Order

kraft Terran - Winner!

Build Orders:  

Get SALT Encoding   

  12  0:01  SCV  
  13  0:13  SCV  
  14  0:17  Supply Depot  
  14  0:28  SCV  
  15  0:40  SCV  
  15  0:41  Barracks  
  16  0:51  Supply Depot  
  16  0:56  SCV  
  17  1:09  Barracks  
  17  1:21  Barracks  
  17  1:27  SCV  
  18  1:32  Marine  
  19  1:51  Orbital Command  
  19  1:55  Marine  
  19  1:56  Barracks  
  19  1:57  Marine  
  21  2:09  Barracks  
  21  2:11  Marine  
  21  2:15  Marine  
  23  2:19  Marine  
  24  2:25  Supply Depot  
  24  2:29  Marine  
  25  2:33  Marine  
  26  2:37  Marine  
  27  2:47  Marine  
  27  2:50  Marine  
  27  2:51  Marine  
  30  2:55  Marine x2  
  32  3:04  Marine  
  33  3:07  Marine  
  33  3:08  Marine  
  33  3:11  Supply Depot  
  35  3:16  Supply Depot  
Show
View Real Time Build Order
Export as new Build Order

HoldTheDoor Protoss 

Build Orders:  

Get SALT Encoding   

  12  0:01  Probe  
  13  0:13  Probe  
  14  0:17  Pylon  
  14  0:25  Probe  
  15  0:35  Probe  
  15  0:36  Gateway  
  16  0:44  Probe  
  16  0:45  Assimilator  
  17  0:56  Assimilator, Probe  
  18  1:08  Probe  
  19  1:17  Probe  
  19  1:20  Pylon  
  19  1:25  Probe  
  20  1:28  Cybernetics Core  
  21  1:35  Probe  
  22  1:42  Pylon  
  22  1:47  Probe  
  23  1:59  Probe  
  24  2:04  Stalker  
  26  2:11  Probe  
  27  2:16  Stargate  
  27  2:23  Probe  
  28  2:35  Stalker, Probe  
  28  2:36  Pylon  
  31  2:47  Probe  
  31  2:50  Forge  
  37  3:05  Probe  
Tags
 
Add a new tag
Caveats
  • Supply blocks, unpowered buildings, or Contaminate may cause inaccurate times.
  • Supply counts are checked every 10 seconds.